Workbook

Sheet Bombeiro 12x36 diurno
A2: Planilha de Composição de Custos (Bombeiro Civil)
A4: Profissionais da CCT considerada: TRABALHADORES BOMBEIROS CIVIS, com abrangência territorial em AC, AL, AP, CE, GO, MA, MS, MT, PE, PI, RN, RO, RR, RS e TO. CBO: 5171-10 CCT: SRT00551/2025
A11: Síntese dos custos | D11: 46244
A12: Item | B12: Custo (R$/mês)
A13: 1. Mão de Obra (12X36 Diurno) | B13: =D36 -> 0
A14: 2. EPIs | B14: =E51 -> 0
A15: 3. BDI | B15: =D59 -> 0
A16: Custo Mensal Escala 12x36 Diurno | B16: =SUM(B13:C15) -> 0 | D16: 36h semanais%
A17: Custo da hora Escala 12x36 Diurno | B17: =B16/220 -> 0
A19: Síntese de quantitativos
A20: Mão-de-obra | D20: Quantidade
A21: ='Dados Planilha'!B7 -> Bombeiro Civil Nível Básico | D21: 1
A23: 1. Mão-de-obra
A25: Discriminação | B25: Unidade | C25: Quantidade | D25: Preço unitário
A26: Salário Normal | B26: mês | C26: 1 | D26: ='Dados Planilha'!B8 -> 0
A27: Adicional de Periculosidade | B27: % | C27: ='Dados Planilha'!B21 -> 0 | D27: =(C27/100)*D26 -> 0
A28: Encargos Sociais | B28: % | C28: 0.6929 | D28: =C28*(D26+D27) -> 0
A29: Auxílio Alimentação | B29: dia | C29: 15 | D29: =('Dados Planilha'!B12*C29)*0.8 -> 0
A30: Cesta Básica | B30: mês | C30: 1 | D30: ='Dados Planilha'!B13 -> 0
A31: Vale-transporte | B31: un | C31: 30 | D31: =(('Dados Planilha'!B22*2)*15)-(D26*6)/100 -> 0
A32: Benefício Social Familiar | B32: mês | C32: 1 | D32: ='Dados Planilha'!B25-'Dados Planilha'!B26 -> 0
A33: Curso Reciclagem | B33: mês | C33: 1 | D33: ='Dados Planilha'!B18 -> 0
A34: Assistência odontológica | B34: mês | C34: 1 | D34: ='Dados Planilha'!B15-'Dados Planilha'!B16 -> 0
A35: Seguro | B35: mês | C35: 1 | D35: ='Dados Planilha'!B27 -> 0
A36: Total do Efetivo (12X36 Diurno) | D36: =SUM(D26:D35) -> 0
A38: Custo mensal com as despesas operacionais (12X36 Diurno) | D38: =D36 -> 0
A40: 2. Uniformes e Equipamentos de Proteção Individual
A41: 2.1. Uniformes e EPIs - Bombeiros
A42: Discriminação | B42: Unidade | C42: Durabilidade (meses) | D42: Custo unitário | E42: Subtotal
A43: Conjunto calça + casaco | B43: unidade | C43: 12 | D43: =Uniforme!B4 -> 0 | E43: =D43/C43 -> 0
A44: Bota | B44: par | C44: 12 | D44: =Uniforme!B14 -> 0 | E44: =D44/C44 -> 0
A45: Luva | B45: par | C45: 12 | D45: =Uniforme!B9 -> 0 | E45: =D45/C45 -> 0
A46: Capacete | B46: unidade | C46: 12 | D46: =Uniforme!B19 -> 0 | E46: =D46/C46 -> 0
A47: Kit Primeiros Socorros | B47: unidade | C47: 1 | D47: =Uniforme!B25 -> 0 | E47: =D47/C47 -> 0
A48: extintor | B48: unidade | C48: 1 | D48: =Uniforme!B32 -> 0 | E48: =D48/C48 -> 0
A49: manta abafadora | B49: unidade | C49: 1 | D49: =Uniforme!B37 -> 0 | E49: =D49/C49 -> 0
A50: Rádio comunicador | B50: unidade | C50: 1 | D50: =Uniforme!B42 -> 0 | E50: =D50/C50 -> 0
A51: Quantidade de trabalhadores | C51: 1 | D51: =SUM(E43:E50) -> 0 | E51: =C51*D51 -> 0
A53: Custo mensal despesas operacionais e EPIs ( 12x36 Diurno) | D53: =D38+E51 -> 0
A56: 3. Benefícios e Despesas Indiretas - BDI
A58: Discriminação | B58: Unidade | C58: Quantidade | D58: Preço unitário
A59: Benefícios e despesas indiretas | B59: % | C59: 22.19 | D59: =(C59/100)*D53 -> 0
A61: Custo mensal total (12X36 Diurno) | D61: =D53+D59 -> 0
A63: Encargos Sociais
A65: Grupo A
A66: INSS | B66: 0.2
A67: SESI | B67: 0.015
A68: SENAI | B68: 0.01
A69: INCRA | B69: 0.002
A70: SEBRAE | B70: 0.006
A71: Salário Educação | B71: 0.025
A72: Seguro Conta Acidente | B72: 0.03
A73: FGTS | B73: 0.08
A74: Sub-total | B74: =SUM(B66:B73) -> 0.368
A76: Grupo B
A77: Auxílio Enfermidade | B77: 0.0067
A78: 13º Salário | B78: 0.0833
A79: Licença Paternidade | B79: 0.0005
A80: Faltas Justificadas | B80: 0.0056
A81: Auxílio Acidente de Trabalho | B81: 0.0003
A82: Férias Gozadas | B82: 0.0833
A83: Salário Maternidade | B83: 0.0003
A84: Sub-total | B84: =SUM(B77:B83) -> 0.18
A86: Grupo C
A87: Aviso Prévio Indenizado | B87: 0.0317
A88: Aviso Prévio Trabalhado | B88: 0.0008
A89: Férias indenizadas | B89: 0.0273
A90: Depósito Rescisão sem Justa Causa | B90: 0.0135
A91: Indenização Adicional | B91: 0.0026
A92: Sub-total | B92: =SUM(B87:B91) -> 0.0759
A94: Incidência cumulativa
A95: Grupo A sobre Grupo B | B95: 0.0662
A96: Grupo A e FGTS sobre Aviso Prévio | B96: 0.0028
A97: Sub-total | B97: =SUM(B95:B96) -> 0.069
A99: Total Encargos Sociais | B99: =B74+B84+B92+B97 -> 0.6929
A101: Composição do BDI - Benefícios e Despesas Indiretas
A103: Administração Central | B103: AC | C103: 0
A104: Seguros/Riscos/Garantias | B104: SRG | C104: 0
A105: Lucro | B105: L | C105: 0
A106: Despesas Financeiras | B106: DF | C106: 0
A107: Tributos - ISS | B107: T | C107: 0
A108: Tributos - PIS/COFINS | C108: 0
A109: Fórmula para o cálculo do BDI:
A110: {[(1+AC+SRG) x (1+L) x (1+DF)] / (1-T)} -1
A111: Resultado do cálculo do BDI: | C111: =ROUND((((1+C103+C104)*(1+C105)*(1+C106))/(1-(C107+C108))-1),4) -> 0

Sheet Dados Planilha
A1: CONVENÇÃO COLETIVA DE TRABALHO 2025/2026
A2: NÚMERO DE REGISTRO NO MTE: | B2: SRT00551/2025
A3: VIGÊNCIA | B3: 01/08/2025 a 31/07/2026
A4: DATA-BASE | B4: 46235
A5: ABRANGENCIA | B5: A presente Convenção Coletiva de Trabalho abrangerá a(s) categoria(s) TRABALHADORES BOMBEIROS CIVIS , com abrangência territorial em AC, AL, AP, CE, GO, MA, MS, MT, PE, PI, RN, RO, RR, RS e TO
B6: anexo i rs
A7: CARGO / FUNÇÃO | B7: Bombeiro Civil Nível Básico
A8: Salaário | B8: 0
A9: CARGO / FUNÇÃO | B9: Bombeiro Civil Líder
A10: Salário | B10: 0
A11: Gratificação | B11: 0
A12: Vale alimentação | B12: 0 | C12: dia
A13: Cesta básica | B13: 0 | C13: mês
A14: outros auxílios:
A15: ASSISTÊNCIA ODONTOLÓGICA | B15: 0
A16: desconto servidor | B16: 0
A17: total | B17: =B15-B16 -> 0
A18: TREINAMENTO, CURSO RECICLAGEM, QUALIFICAÇÃO E REQUALIFICAÇÃO | B18: 0
A19: horas extras | B19: 0
A20: adicional noturno | B20: 0
A21: adicional de periculosidade | B21: 0
A22: Vale transporte | B22: 0 | C22: sinapi
A23: desconto servidor | B23: 0
A24: uniforme
A25: beneficio social familiar | B25: 0
A26: desconto servidor | B26: 0
A27: Seguro | B27: 0

Sheet bombeiro 12x36 noturno
A2: Planilha de Composição de Custos (contratação de empresa para execução de Serviço Civil de Bombeiro )
A4: Profissionais da CCT considerada: TRABALHADORES BOMBEIROS CIVIS, com abrangência territorial em AC, AL, AP, CE, GO, MA, MS, MT, PE, PI, RN, RO, RR, RS e TO. CBO: 5171-10 CCT: SRT00551/2025
A11: Síntese dos custos | D11: 46248
A12: Item | B12: Custo (R$/mês)
A13: 1. Mão de Obra (12X36 Noturno) | B13: =D37 -> 150
A14: 2. EPIs | B14: =E52 -> 0
A15: 3. BDI | B15: =D60 -> 33.285
A16: Custo Mensal Escala 12x36 Noturno | B16: =SUM(B13:C15) -> 183.285
A17: Custo Hora Escala 12x36 Noturno | B17: =B16/220 -> 0.83311364
A19: Síntese de quantitativos
A20: Mão-de-obra | D20: Quantidade
A21: ='Dados Planilha'!B7 -> Bombeiro Civil Nível Básico | D21: 1
A23: 1. Mão-de-obra
A25: Discriminação | B25: Unidade | C25: Quantidade | D25: Preço unitário
A26: Salário Normal | B26: mês | C26: 1 | D26: ='Dados Planilha'!B8 -> 0
A27: Adicional de Periculosidade | B27: % | C27: 30 | D27: =(C27/100)*D26 -> 0
A28: Adicional Noturno | B28: mês | C28: 1 | D28: =(D26+D27)*(0.5833)*(0.2) -> 0
A29: Encargos Sociais | B29: % | C29: =B100 -> 0.6929 | D29: =C29*(D26+D27+D28) -> 0
A30: Auxílio Alimentação | B30: dia | C30: 15 | D30: =('Dados Planilha'!B12*C30)*0.8 -> 0
A31: Cesta Básica | B31: mês | C31: 1 | D31: ='Dados Planilha'!B13 -> 0
A32: Vale-transporte | B32: un | C32: 30 | D32: =((5*2)*15)-(D26*6)/100 -> 150
A33: Benefício Social Familiar | B33: mês | C33: 1 | D33: ='Dados Planilha'!B25-'Dados Planilha'!B26 -> 0
A34: Curso Reciclagem | B34: mês | C34: 1 | D34: ='Dados Planilha'!B18 -> 0
A35: Assistência odontológica | B35: mês | C35: 1 | D35: ='Dados Planilha'!B15-'Dados Planilha'!B16 -> 0
A36: Seguro | B36: mês | C36: 1 | D36: ='Dados Planilha'!B27 -> 0
A37: Total do Efetivo (12X36 Noturno) | D37: =SUM(D26:D36) -> 150
A39: Custo mensal com as despesas operacionais (12X36 Noturno) | D39: =D37 -> 150
A41: 2. Uniformes e Equipamentos de Proteção Individual
A42: 2.1. Uniformes e EPIs - Bombeiros
A43: Discriminação | B43: Unidade | C43: Durabilidade (meses) | D43: Custo unitário | E43: Subtotal
A44: Conjunto calça + casaco | B44: unidade | C44: 12 | D44: =Uniforme!B4 -> 0 | E44: =D44/C44 -> 0
A45: Bota | B45: par | C45: 12 | D45: =Uniforme!B14 -> 0 | E45: =D45/C45 -> 0
A46: Luva | B46: par | C46: 12 | D46: =Uniforme!B9 -> 0 | E46: =D46/C46 -> 0
A47: Capacete | B47: unidade | C47: 12 | D47: =Uniforme!B19 -> 0 | E47: =D47/C47 -> 0
A48: kit Primeiros Socorros | B48: unidade | C48: 1 | D48: =Uniforme!B25 -> 0 | E48: =D48/C48 -> 0
A49: extintor | B49: unidade | C49: 1 | D49: =Uniforme!B32 -> 0 | E49: =D49/C49 -> 0
A50: manta abafadora | B50: unidade | C50: 1 | D50: =Uniforme!B37 -> 0 | E50: =D50/C50 -> 0
A51: Rádio comunicador | B51: unidade | C51: 1 | D51: =Uniforme!B42 -> 0 | E51: =D51/C51 -> 0
A52: Quantidade de trabalhadores | C52: 1 | D52: =SUM(E44:E51) -> 0 | E52: =C52*D52 -> 0
A54: Custo mensal despesas operacionais e EPIs (12x36 Noturno) | D54: =D39+D52 -> 150
A57: 3. Benefícios e Despesas Indiretas - BDI
A59: Discriminação | B59: Unidade | C59: Quantidade | D59: Preço unitário
A60: Benefícios e despesas indiretas | B60: % | C60: 22.19 | D60: =(C60/100)*D54 -> 33.285
A62: Custo mensal total (12X36 Noturno) | D62: =D54+D60 -> 183.285
A64: Encargos Sociais
A66: Grupo A
A67: INSS | B67: 0.2
A68: SESI | B68: 0.015
A69: SENAI | B69: 0.01
A70: INCRA | B70: 0.002
A71: SEBRAE | B71: 0.006
A72: Salário Educação | B72: 0.025
A73: Seguro Conta Acidente | B73: 0.03
A74: FGTS | B74: 0.08
A75: Sub-total | B75: =SUM(B67:B74) -> 0.368
A77: Grupo B
A78: Auxílio Enfermidade | B78: 0.0067
A79: 13º Salário | B79: 0.0833
A80: Licença Paternidade | B80: 0.0005
A81: Faltas Justificadas | B81: 0.0056
A82: Auxílio Acidente de Trabalho | B82: 0.0003
A83: Férias Gozadas | B83: 0.0833
A84: Salário Maternidade | B84: 0.0003
A85: Sub-total | B85: =SUM(B78:B84) -> 0.18
A87: Grupo C
A88: Aviso Prévio Indenizado | B88: 0.0317
A89: Aviso Prévio Trabalhado | B89: 0.0008
A90: Férias indenizadas | B90: 0.0273
A91: Depósito Rescisão sem Justa Causa | B91: 0.0135
A92: Indenização Adicional | B92: 0.0026
A93: Sub-total | B93: =SUM(B88:B92) -> 0.0759
A95: Incidência cumulativa
A96: Grupo A sobre Grupo B | B96: 0.0662
A97: Grupo A e FGTS sobre Aviso Prévio | B97: 0.0028
A98: Sub-total | B98: =SUM(B96:B97) -> 0.069
A100: Total Encargos Sociais | B100: =B75+B85+B93+B98 -> 0.6929
A102: Composição do BDI - Benefícios e Despesas Indiretas
A104: Administração Central | B104: AC | C104: 0
A105: Seguros/Riscos/Garantias | B105: SRG | C105: 0
A106: Lucro | B106: L | C106: 0
A107: Despesas Financeiras | B107: DF | C107: 0
A108: Tributos - ISS | B108: T | C108: 0
A109: Tributos - PIS/COFINS | C109: 0
A110: Fórmula para o cálculo do BDI:
A111: {[(1+AC+SRG) x (1+L) x (1+DF)] / (1-T)} -1
A112: Resultado do cálculo do BDI: | C112: =ROUND((((1+C104+C105)*(1+C106)*(1+C107))/(1-(C108+C109))-1),4) -> 0

Sheet Bombeiro Líder diurno
A2: Planilha de Composição de Custos (Bombeiro Civil Líder)
A4: Profissionais da CCT considerada: TRABALHADORES BOMBEIROS CIVIS, com abrangência territorial em AC, AL, AP, CE, GO, MA, MS, MT, PE, PI, RN, RO, RR, RS e TO. CBO: 5171-10 CCT: SRT00551/2025
A11: Síntese dos custos | D11: 46244
A12: Item | B12: Custo (R$/mês)
A13: 1. Mão de Obra (12X36 Diurno) | B13: =D36 -> 0
A14: 2. EPIs | B14: =E51 -> 0
A15: 3. BDI | B15: =D59 -> 0
A16: Custo Mensal Escala 12x36 Diurno | B16: =SUM(B13:C15) -> 0 | D16: 36h semanais%
A17: Custo da hora Escala 12x36 Diurno | B17: =B16/220 -> 0
A19: Síntese de quantitativos
A20: Mão-de-obra | D20: Quantidade
A21: ='Dados Planilha'!B9 -> Bombeiro Civil Líder | D21: 1
A23: 1. Mão-de-obra
A25: Discriminação | B25: Unidade | C25: Quantidade | D25: Preço unitário
A26: Salário Normal | B26: mês | C26: 1 | D26: ='Dados Planilha'!B10 -> 0
A27: Adicional de Periculosidade | B27: % | C27: ='Dados Planilha'!B21 -> 0 | D27: =(C27/100)*D26 -> 0
A28: Gratificação | B28: % | C28: ='Dados Planilha'!B11 -> 0 | D28: =D26*C28 -> 0
A29: Encargos Sociais | B29: % | C29: 0.6929 | D29: =C29*(D26+D27+D28) -> 0
A30: Auxílio Alimentação | B30: dia | C30: 15 | D30: =('Dados Planilha'!B12*C30)*0.8 -> 0
A31: Cesta Básica | B31: mês | C31: 1 | D31: ='Dados Planilha'!B13 -> 0
A32: Benefício Social Familiar | B32: mês | C32: 1 | D32: ='Dados Planilha'!B25-'Dados Planilha'!B26 -> 0
A33: Curso Reciclagem | B33: mês | C33: 1 | D33: ='Dados Planilha'!B18 -> 0
A34: Assistência odontológica | B34: mês | C34: 1 | D34: ='Dados Planilha'!B15-'Dados Planilha'!B16 -> 0
A35: Seguro | B35: mês | C35: 1 | D35: ='Dados Planilha'!B27 -> 0
A36: Total do Efetivo (12X36 Diurno) | D36: =SUM(D26:D35) -> 0
A38: Custo mensal com as despesas operacionais (12X36 Diurno) | D38: =D36 -> 0
A40: 2. Uniformes e Equipamentos de Proteção Individual
A41: 2.1. Uniformes e EPIs - Bombeiros
A42: Discriminação | B42: Unidade | C42: Durabilidade (meses) | D42: Custo unitário | E42: Subtotal
A43: Conjunto calça + casaco | B43: unidade | C43: 12 | D43: =Uniforme!B4 -> 0 | E43: =D43/C43 -> 0
A44: Bota | B44: par | C44: 12 | D44: =Uniforme!B14 -> 0 | E44: =D44/C44 -> 0
A45: Luva | B45: par | C45: 12 | D45: =Uniforme!B9 -> 0 | E45: =D45/C45 -> 0
A46: Capacete | B46: unidade | C46: 12 | D46: =Uniforme!B19 -> 0 | E46: =D46/C46 -> 0
A47: Kit Primeiros Socorros | B47: unidade | C47: 1 | D47: =Uniforme!B25 -> 0 | E47: =D47/C47 -> 0
A48: extintor | B48: unidade | C48: 1 | D48: =Uniforme!B32 -> 0 | E48: =D48/C48 -> 0
A49: manta abafadora | B49: unidade | C49: 1 | D49: =Uniforme!B37 -> 0 | E49: =D49/C49 -> 0
A50: Rádio comunicador | B50: unidade | C50: 1 | D50: =Uniforme!B42 -> 0 | E50: =D50/C50 -> 0
A51: Quantidade de trabalhadores | C51: 1 | D51: =SUM(E43:E50) -> 0 | E51: =C51*D51 -> 0
A53: Custo mensal despesas operacionais e EPIs ( 12x36 Diurno) | D53: =D38+E51 -> 0
A56: 3. Benefícios e Despesas Indiretas - BDI
A58: Discriminação | B58: Unidade | C58: Quantidade | D58: Preço unitário
A59: Benefícios e despesas indiretas | B59: % | C59: 22.19 | D59: =(C59/100)*D53 -> 0
A61: Custo mensal total (12X36 Diurno) | D61: =D53+D59 -> 0
A63: Encargos Sociais
A65: Grupo A
A66: INSS | B66: 0.2
A67: SESI | B67: 0.015
A68: SENAI | B68: 0.01
A69: INCRA | B69: 0.002
A70: SEBRAE | B70: 0.006
A71: Salário Educação | B71: 0.025
A72: Seguro Conta Acidente | B72: 0.03
A73: FGTS | B73: 0.08
A74: Sub-total | B74: =SUM(B66:B73) -> 0.368
A76: Grupo B
A77: Auxílio Enfermidade | B77: 0.0067
A78: 13º Salário | B78: 0.0833
A79: Licença Paternidade | B79: 0.0005
A80: Faltas Justificadas | B80: 0.0056
A81: Auxílio Acidente de Trabalho | B81: 0.0003
A82: Férias Gozadas | B82: 0.0833
A83: Salário Maternidade | B83: 0.0003
A84: Sub-total | B84: =SUM(B77:B83) -> 0.18
A86: Grupo C
A87: Aviso Prévio Indenizado | B87: 0.0317
A88: Aviso Prévio Trabalhado | B88: 0.0008
A89: Férias indenizadas | B89: 0.0273
A90: Depósito Rescisão sem Justa Causa | B90: 0.0135
A91: Indenização Adicional | B91: 0.0026
A92: Sub-total | B92: =SUM(B87:B91) -> 0.0759
A94: Incidência cumulativa
A95: Grupo A sobre Grupo B | B95: 0.0662
A96: Grupo A e FGTS sobre Aviso Prévio | B96: 0.0028
A97: Sub-total | B97: =SUM(B95:B96) -> 0.069
A99: Total Encargos Sociais | B99: =B74+B84+B92+B97 -> 0.6929
A101: Composição do BDI - Benefícios e Despesas Indiretas
A103: Administração Central | B103: AC | C103: 0
A104: Seguros/Riscos/Garantias | B104: SRG | C104: 0
A105: Lucro | B105: L | C105: 0
A106: Despesas Financeiras | B106: DF | C106: 0
A107: Tributos - ISS | B107: T | C107: 0
A108: Tributos - PIS/COFINS | C108: 0
A109: Fórmula para o cálculo do BDI:
A110: {[(1+AC+SRG) x (1+L) x (1+DF)] / (1-T)} -1
A111: Resultado do cálculo do BDI: | C111: =ROUND((((1+C103+C104)*(1+C105)*(1+C106))/(1-(C107+C108))-1),4) -> 0

Sheet Bombeiro Líder Noturno
A2: Planilha de Composição de Custos (Bombeiro Civil Líder)
A4: Profissionais da CCT considerada: TRABALHADORES BOMBEIROS CIVIS, com abrangência territorial em AC, AL, AP, CE, GO, MA, MS, MT, PE, PI, RN, RO, RR, RS e TO. CBO: 5171-10 CCT: SRT00551/2025
A11: Síntese dos custos | D11: 46244
A12: Item | B12: Custo (R$/mês)
A13: 1. Mão de Obra (12X36 Noturno) | B13: =D37 -> 0
A14: 2. EPIs | B14: =E52 -> 0
A15: 3. BDI | B15: =D60 -> 0
A16: Custo Mensal Escala 12x36 Noturno | B16: =SUM(B13:C15) -> 0 | D16: 36h semanais%
A17: Custo da hora Escala 12x36 Noturno | B17: =B16/220 -> 0
A19: Síntese de quantitativos
A20: Mão-de-obra | D20: Quantidade
A21: ='Dados Planilha'!B9 -> Bombeiro Civil Líder | D21: 1
A23: 1. Mão-de-obra
A25: Discriminação | B25: Unidade | C25: Quantidade | D25: Preço unitário
A26: Salário Normal | B26: mês | C26: 1 | D26: ='Dados Planilha'!B10 -> 0
A27: Adicional de Periculosidade | B27: % | C27: ='Dados Planilha'!B21 -> 0 | D27: =(C27/100)*D26 -> 0
A28: Adicional Noturno | B28: mês | C28: 1 | D28: =(D26+D27)*(0.5833)*(0.2) -> 0
A29: Gratificação | B29: % | C29: ='Dados Planilha'!B11 -> 0 | D29: =D26*C29 -> 0
A30: Encargos Sociais | B30: % | C30: 0.6929 | D30: =C30*(D26+D27+D29) -> 0
A31: Auxílio Alimentação | B31: dia | C31: 15 | D31: =('Dados Planilha'!B12*C31)*0.8 -> 0
A32: Cesta Básica | B32: mês | C32: 1 | D32: ='Dados Planilha'!B13 -> 0
A33: Benefício Social Familiar | B33: mês | C33: 1 | D33: ='Dados Planilha'!B25-'Dados Planilha'!B26 -> 0
A34: Curso Reciclagem | B34: mês | C34: 1 | D34: ='Dados Planilha'!B18 -> 0
A35: Assistência odontológica | B35: mês | C35: 1 | D35: ='Dados Planilha'!B15-'Dados Planilha'!B16 -> 0
A36: Seguro | B36: mês | C36: 1 | D36: ='Dados Planilha'!B27 -> 0
A37: Total do Efetivo (12X36 Diurno) | D37: =SUM(D26:D36) -> 0
A39: Custo mensal com as despesas operacionais (12X36 Diurno) | D39: =D37 -> 0
A41: 2. Uniformes e Equipamentos de Proteção Individual
A42: 2.1. Uniformes e EPIs - Bombeiros
A43: Discriminação | B43: Unidade | C43: Durabilidade (meses) | D43: Custo unitário | E43: Subtotal
A44: Conjunto calça + casaco | B44: unidade | C44: 12 | D44: =Uniforme!B4 -> 0 | E44: =D44/C44 -> 0
A45: Bota | B45: par | C45: 12 | D45: =Uniforme!B14 -> 0 | E45: =D45/C45 -> 0
A46: Luva | B46: par | C46: 12 | D46: =Uniforme!B9 -> 0 | E46: =D46/C46 -> 0
A47: Capacete | B47: unidade | C47: 12 | D47: =Uniforme!B19 -> 0 | E47: =D47/C47 -> 0
A48: Kit Primeiros Socorros | B48: unidade | C48: 1 | D48: =Uniforme!B25 -> 0 | E48: =D48/C48 -> 0
A49: extintor | B49: unidade | C49: 1 | D49: =Uniforme!B32 -> 0 | E49: =D49/C49 -> 0
A50: manta abafadora | B50: unidade | C50: 1 | D50: =Uniforme!B37 -> 0 | E50: =D50/C50 -> 0
A51: Rádio comunicador | B51: unidade | C51: 1 | D51: =Uniforme!B42 -> 0 | E51: =D51/C51 -> 0
A52: Quantidade de trabalhadores | C52: 1 | D52: =SUM(E44:E51) -> 0 | E52: =C52*D52 -> 0
A54: Custo mensal despesas operacionais e EPIs ( 12x36 Diurno) | D54: =D39+E52 -> 0
A57: 3. Benefícios e Despesas Indiretas - BDI
A59: Discriminação | B59: Unidade | C59: Quantidade | D59: Preço unitário
A60: Benefícios e despesas indiretas | B60: % | C60: 22.19 | D60: =(C60/100)*D54 -> 0
A62: Custo mensal total (12X36 Diurno) | D62: =D54+D60 -> 0
A64: Encargos Sociais
A66: Grupo A
A67: INSS | B67: 0.2
A68: SESI | B68: 0.015
A69: SENAI | B69: 0.01
A70: INCRA | B70: 0.002
A71: SEBRAE | B71: 0.006
A72: Salário Educação | B72: 0.025
A73: Seguro Conta Acidente | B73: 0.03
A74: FGTS | B74: 0.08
A75: Sub-total | B75: =SUM(B67:B74) -> 0.368
A77: Grupo B
A78: Auxílio Enfermidade | B78: 0.0067
A79: 13º Salário | B79: 0.0833
A80: Licença Paternidade | B80: 0.0005
A81: Faltas Justificadas | B81: 0.0056
A82: Auxílio Acidente de Trabalho | B82: 0.0003
A83: Férias Gozadas | B83: 0.0833
A84: Salário Maternidade | B84: 0.0003
A85: Sub-total | B85: =SUM(B78:B84) -> 0.18
A87: Grupo C
A88: Aviso Prévio Indenizado | B88: 0.0317
A89: Aviso Prévio Trabalhado | B89: 0.0008
A90: Férias indenizadas | B90: 0.0273
A91: Depósito Rescisão sem Justa Causa | B91: 0.0135
A92: Indenização Adicional | B92: 0.0026
A93: Sub-total | B93: =SUM(B88:B92) -> 0.0759
A95: Incidência cumulativa
A96: Grupo A sobre Grupo B | B96: 0.0662
A97: Grupo A e FGTS sobre Aviso Prévio | B97: 0.0028
A98: Sub-total | B98: =SUM(B96:B97) -> 0.069
A100: Total Encargos Sociais | B100: =B75+B85+B93+B98 -> 0.6929
A102: Composição do BDI - Benefícios e Despesas Indiretas
A104: Administração Central | B104: AC | C104: 0
A105: Seguros/Riscos/Garantias | B105: SRG | C105: 0
A106: Lucro | B106: L | C106: 0
A107: Despesas Financeiras | B107: DF | C107: 0
A108: Tributos - ISS | B108: T | C108: 0
A109: Tributos - PIS/COFINS | C109: 0
A110: Fórmula para o cálculo do BDI:
A111: {[(1+AC+SRG) x (1+L) x (1+DF)] / (1-T)} -1
A112: Resultado do cálculo do BDI: | C112: =ROUND((((1+C104+C105)*(1+C106)*(1+C107))/(1-(C108+C109))-1),4) -> 0

Sheet Notas explicativas
A1: Encargos sociais
A3: Vale transporte

Sheet Uniforme
A1: Conjunto calça e colete | B1: 0
B2: 0
B3: 0
A4: média | B4: =SUM(B1:B3)/3 -> 0
A6: Luva | B6: 0
B7: 0
B8: 0
A9: média | B9: =SUM(B6:B8)/3 -> 0
A11: Bota de segurança | B11: 0
B12: 0
B13: 0
A14: média | B14: =SUM(B11:B13)/3 -> 0
A16: capacete | B16: 0
B17: 0
B18: 0
A19: média | B19: =SUM(B16:B18)/3 -> 0
A22: kit primeiro socorros | B22: 0
B23: 0
B24: 0
A25: média | B25: =SUM(B22:B24)/3 -> 0
A28: Equipamentos de combate a incendio
A29: extintor | B29: 0
B30: 0
B31: 0
A32: média | B32: =SUM(B29:B31)/3 -> 0
A34: manta abafadora | B34: 0
B35: 0
B36: 0
A37: média | B37: 0
A39: Rádio comunicadores | B39: 0
B40: 0
B41: 0
A42: média | B42: =SUM(B39:B41)/3 -> 0

Sheet Custo de repositor
A1: Probabilidade de ocorrência de ausências legais, conforme art. 473 da Consolidação das Leis do Trabalho.
A2: Memória de cálculo - número de dias de reposição do profissional ausente para cada evento
A3: Categoria | B3: Incidência anual | C3: Duração legal da Ausência | D3: 12x36
D4: Prop. Dias afetados | E4: Dias de reposição
A5: Férias | B5: 1 | C5: 30 | D5: 0.5 | E5: =B5*C5*D5 -> 15
A6: Ausênica justificada | B6: 1 | C6: 1 | D6: 1 | E6: =B6*C6*D6 -> 1
A7: Acidente de trabalho | B7: 0.1642 | C7: 15 | D7: 0.5 | E7: =B7*C7*D7 -> 1.2315
A8: Afastamento por doença | B8: 1 | C8: 5 | D8: 0.5 | E8: =B8*C8*D8 -> 2.5
A9: Consulta médica filho | B9: 0.1531 | C9: 2 | D9: 1 | E9: =B9*C9*D9 -> 0.3062
A10: Óbitos na família | B10: 0.0301 | C10: 3 | D10: 0.5 | E10: =B10*C10*D10 -> 0.04515
A11: Casamento | B11: 0.0163 | C11: 3 | D11: 0.5 | E11: =B11*C11*D11 -> 0.02445
A12: Doação de sangue | B12: 0.02 | C12: 1 | D12: 1 | E12: =B12*C12*D12 -> 0.02
A13: Testemunho | B13: 0.004 | C13: 1 | D13: 1 | E13: =B13*C13*D13 -> 0.004
A14: Paternidade | B14: 0.018 | C14: 5 | D14: 0.5 | E14: =B14*C14*D14 -> 0.045
A15: Maternidade | B15: 0.0264 | C15: 120 | D15: 0.5 | E15: =B15*C15*D15 -> 1.584
A16: Consulta pré-natal | B16: 0.0022 | C16: 6 | D16: 1 | E16: =B16*C16*D16 -> 0.0132
B17: * Valores retirados da planilha Igam | C17: * valor CCT | E17: =SUM(E5:E16) -> 21.7735
A21: Custo diário para o repositor
A22: categoria | B22: base de cálculo | C22: Divisor do dia | D22: Custo diário
A23: Cargo A (12X36 Diurno) | B23: =SUM('Bombeiro 12x36 diurno'!D26:D27) -> 0 | C23: 30 | D23: =B23/C23 -> 0
A24: Cargo A ( 12X36 Noturno) | B24: =SUM(B23+'Bombeiro 12x36 diurno'!D34) -> 0 | C24: 30 | D24: =B24/C24 -> 0
A28: Ausências Legais
A29: Categoria | B29: Custo diário | C29: Necessidade de Reposição | D29: Custo anual | E29: Custo mensal
A30: Cargo A (12X36 Diurno) | B30: =D23 -> 0 | C30: =E17 -> 21.7735 | D30: =B30*C30 -> 0 | E30: =D30/12 -> 0
A31: Cargo A ( 12X36 Noturno) | B31: =D24 -> 0 | C31: =E17 -> 21.7735 | D31: =B31*C31 -> 0 | E31: =D31/12 -> 0
